 Dungeon Crawl Stone Soup version 0.22.0-6-g71bd7aa (webtiles) character file.

17 Amnesiac the Gusty (level 2, -12/19 HPs)
             Began as a Mummy Air Elementalist on Aug 15, 2018.
             Mangled by a gnoll
             ... wielding a +2 dagger of chaos
              (13 damage)
             ... on level 2 of the Dungeon.
             The game lasted 00:01:23 (507 turns).

Amnesiac the Gusty (Mummy Air Elementalist)          Turns: 507, Time: 00:01:24

Health: -12/19     AC:  2    Str: 11    XL:     2   Next: 44%
Magic:  3/5        EV: 12    Int: 14    God:
Gold:   20         SH:  0    Dex: 12    Spells: 3/6 levels left

rFire    x . .     SeeInvis .   b - +0 short sword
rCold    + . .     Gourm    .   (no shield)
rNeg     + + +     Faith    .   a - +0 robe
rPois    ∞         Spirit   .   (no helmet)
rElec    .         Reflect  .   (no cloak)
rCorr    .         Harm     .   (no gloves)
MR       .....                  (no boots)
Stlth    ++........             (no amulet)
HPRegen  0.06/turn              (no ring)
MPRegen  0.09/turn              (no ring)

@: no status effects
A: no food or potions, fire vulnerability, cold resistance 1, negative energy
resistance 3, torment resistance, unbreathing
a: no special abilities


You were on level 2 of the Dungeon.
You were not hungry.

You visited 1 branch of the dungeon, and saw 2 of its levels.

You collected 20 gold pieces.

Inventory:

Hand Weapons
 b - a +0 short sword (weapon)
Armour
 a - a +0 robe (worn)


   Skills:
 - Level 1.5 Dodging
 - Level 1.5 Stealth
 - Level 2.6 Spellcasting
 + Level 1.7 Conjurations
 - Level 2.7 Air Magic


You had 3 spell levels left.
You knew the following spells:

 Your Spells              Type           Power        Failure   Level  Hunger
a - Shock                 Conj/Air       #...         9%          1    N/A
z - Swiftness             Chrm/Air       #.......     19%         2    N/A

Your spell library contained the following spells:

 Spells                   Type           Power        Failure   Level  Hunger
 Lightning Bolt           Conj/Air       #.........   94%         5    N/A
 Airstrike                Air            #.........   58%         4    N/A
 Static Discharge         Conj/Air       #.......     26%         3    N/A

Dungeon Overview and Level Annotations

Branches:
Dungeon (2/15)

Altars:


Innate Abilities, Weirdness & Mutations

You do not eat or drink.
Your flesh is vulnerable to fire.
You are immune to poison.
Your flesh is cold resistant. (rC+)
You are immune to negative energy. (rN+++)
You are immune to unholy pain and torment.
You can survive without breathing.


Message History

You see here a goblin corpse.
You start waiting.
The dart slug is too close now for your liking.
Casting: Shock (safe; 10% risk of failure)
Confirm with . or Enter, or press ? or * to list all spells.
Aiming: Shock (safe; 10% risk of failure)
Press: ? - help, Shift-Dir - straight line, f - dart slug
Aim: a dart slug (clinging)
The zap hits the dart slug.
The dart slug is lightly wounded.
The zap hits the dart slug.
The dart slug is moderately wounded.
Unknown command.
The dart slug misses you.
You hit the dart slug.
The dart slug is severely wounded.
The dart slug launches a dart at you. The slug dart misses you.
You hit the dart slug.
You kill the dart slug!
You see here a dart slug corpse.
You start resting.
Magic restored.
You see here a goblin corpse.
What are your orders? t - Shout!
Orders for allies: a - Attack new target. r - Retreat! s - Stop attacking. g - Guard the area. f - Follow me.
Anything else - Cancel.
You shout for attention!
Items here: )) †† a club of chaos; a dagger; an orc corpse; a goblin corpse
Items here: )) †† a club of chaos; a dagger; an orc corpse; a goblin corpse You see here a goblin corpse.
You see here a dart slug corpse.
Casting: Shock (safe; 9% risk of failure)
Confirm with . or Enter, or press ? or * to list all spells.
Aiming: Shock (safe; 9% risk of failure)
Press: ? - help, Shift-Dir - straight line, f - gnoll
Aim: a gnoll, wielding a dagger of chaos and wearing a leather armour The zap hits the gnoll.
The gnoll is lightly wounded.
The zap hits the gnoll.
The gnoll is moderately wounded.
The gnoll hits you with a dagger of chaos!
Space bends around you.
* * * LOW HITPOINT WARNING * * *
Unknown command.
Casting: Shock (safe; 9% risk of failure)
Confirm with . or Enter, or press ? or * to list all spells.
Aiming: Shock (safe; 9% risk of failure)
Press: ? - help, Shift-Dir - straight line, f/p - gnoll
Aim: a gnoll, wielding a dagger of chaos and wearing a leather armour (moderately wounded)
The zap hits the gnoll.
The gnoll is heavily wounded.
The zap hits the gnoll.
The gnoll is almost dead.
The gnoll hits you with a dagger of chaos.
* * * LOW HITPOINT WARNING * * *
You are electrocuted!
Ouch! That really hurt!
You die...

###########
.#########.....@g..#
.......<...#######.#
.########### ####.#
#....# #†##.#
####)#### #...#..#
#.##.≈.###.≈#
##⌠.≈..≈≈≈$#.≈


You could see a gnoll.

Vanquished Creatures
  2 dart slugs
  An orc (D:2)
  3 goblins
  A hobgoblin (D:1)
  2 kobolds (D:1)
  A frilled lizard (D:1)
  2 rats (D:1)
12 creatures vanquished.

Notes
Turn   | Place    | Note
-------+----------+-------------------------------------------
     0 | D:1      | Amnesiac the Mummy Air Elementalist began the quest for the Orb.
     0 | D:1      | Reached XP level 1. HP: 13/13 MP: 4/4
   105 | D:1      | Reached skill level 1 in Conjurations
   180 | D:1      | Reached XP level 2. HP: 13/19 MP: 0/5
   215 | D:1      | Learned a level 2 spell: Swiftness
   507 | D:2      | Mangled by a gnoll

Skill      XL: |  1 |
---------------+----+-----
Conjurations   | 1 |  1.7
Dodging        | |  1.5
Stealth        | |  1.5
Spellcasting   | |  2.6
Air Magic      | |  2.7

Action                   || total
-------------------------++-------
Melee: Short sword       ||    11
       Unarmed           ||     2
 Cast: Shock             ||    20
Armor: Robe              ||     1
Dodge: Dodged            ||    15
